AoeStats
← Yuhor28

Arabia

508703541Analyzed
4v4 RM · 7d ago on Sep 23, 2026· 23m 11s· 8 players
Game mode
Random Map
Map size
Large (8 player)
Population
200
Speed
Normal
Resources
Standard
Victory
Conquest
Starting age
Dark Age
Ending age
Imperial Age
RankedLock teamsTeams togetherTeam positionsShared explorationLock speedFull tech treeHidden civsTurbo modeCheats
Victory
Defeat
🇩🇪 Cumans · Germany
868
+12
🇹🇷 Cumans · Türkiye
726
+18
🇹🇷 Magyars · Türkiye
705
+19
🇹🇷 Tatars · Türkiye
641
+22
🇺🇸 Varangians · United States
794
-19
🇮🇪 Franks · Ireland
788
-18
🇬🇷 Danes · Greece
758
-17
🇹🇷 Turks · Türkiye
756
-17
jkennedy962
0:46 Loom
11:04 Feudal Age
12:20 Wheelbarrow
11:35 Double-Bit Axe
12:11 Town Watch
21:36 Castle Age
21:59 Forging
21:50 Scale Mail Armor
eric.ashmore
9:09 Feudal Age
10:29 Wheelbarrow
9:43 Double-Bit Axe
9:59 Horse Collar
&===()=Yoritomo====-
0:39 Loom
15:19 Feudal Age
20:57 Castle Age
21:27 Gold Mining
21:21 Horse Collar
21:21 Pikeman
22:03 Squires
21:53 Arson
22:29 Heavy Plow
22:55 Forging
22:37 Double-Bit Axe
Yuhor28
yanniz93
10:16 Loom
12:12 Feudal Age
14:23 Wheelbarrow
13:53 Double-Bit Axe
15:20 Horse Collar
19:14 Gold Mining
20:57 Scale Barding Armor
20:43 Fletching
20:54 Padded Archer Armor
22:35 Scale Mail Armor
Mistăr
0:30 Loom
11:04 Feudal Age
11:50 Double-Bit Axe
11:46 Horse Collar
15:51 Arson
DARKWANDERER
1:01 Loom
11:56 Feudal Age
12:47 Double-Bit Axe
14:11 Horse Collar
17:22 Bloodlines
20:03 Scale Barding Armor
21:30 Scale Mail Armor
24:40 Castle Age
KEMO
11:47 Feudal Age
13:07 Wheelbarrow
12:14 Horse Collar
12:24 Double-Bit Axe
18:16 Town Watch
20:33 Castle Age
18:28 Gold Mining
20:05 Stone Mining
22:21 Hand Cart
22:12 Heavy Plow
22:30 Bow Saw
23:06 Gold Shaft Mining
22:15 Pikeman
22:55 Squires
22:41 Arson
Connection lost

Rejoining the realm…

Still unreachable

The connection could not be restored.

Session expired

The server has moved on; the page needs a fresh start.